 Dungeon Sprint DCSS version 0.19-a0-1827-g174f941 (webtiles) character file.

1238 Theye the Carver (level 8, -1/78 HPs)
             Began as a Deep Dwarf Fighter on Oct 7, 2016.
             Was a High Priest of Makhleb.
             Killed from afar by a bog body (32 damage)
             ... with a bolt of cold
             ... in the Dungeon (Sprint VII: "The Pits").
             The game lasted 00:02:09 (396 turns).

Theye the Carver (Deep Dwarf Fighter)                Turns: 396, Time: 00:02:10

Health: -1/78      AC: 13    Str: 24    XL:     8   Next: 25%
Magic:  15/15      EV:  9    Int: 10    God:    Makhleb [*****.]
Gold:   0          SH: 12    Dex: 14    Spells: 0 memorised, 7 levels left

rFire  . . .     SeeInvis .     t - +0 long sword (flame)
rCold  . . .     Gourm    .     u - +3 chain mail
rNeg   . . .     Faith    .     c - +0 shield
rPois  .         Spirit   .     (no helmet)
rElec  .         Dismiss  .     (no cloak)
rCorr  .         Reflect  .     (no gloves)
MR     +....     Harm     .     (no boots)
Stlth  .......... NoTele   +    (no amulet)
                                (no ring)
                                (no ring)

@: mighty, exhausted, very slightly contaminated, non-regenerating, slowed,
invisible, very slow
A: damage resistance, recharge devices, sense surroundings 1, slow regeneration
3
a: Device Recharging, Minor Destruction, Lesser Servant of Makhleb, Major
Destruction, Greater Servant of Makhleb, Renounce Religion


You were in the Dungeon.
You worshipped Makhleb.
Makhleb was extremely pleased with you.
You were full.

You visited 1 branch

Inventory:

Hand Weapons
 a - a +0 long sword
 m - a +2 falchion
 t - a +0 long sword of flaming (weapon)
Armour
 b - a +0 scale mail
 c - a +0 shield (worn)
 u - a +3 chain mail (worn)
Wands
 e - a wand of heal wounds (0/9)
Scrolls
 l - a scroll of blinking
 o - 3 scrolls of remove curse
 p - 5 scrolls of amnesia
 q - a scroll of summoning
Potions
 g - 6 potions of curing
 h - 6 potions of heal wounds
 i - a potion of haste
 j - 4 potions of magic
 n - a potion of invisibility
Comestibles
 f - 8 bread rations
 r - 40 fruits
 s - 6 meat rations


   Skills:
 + Level 6.8 Fighting
 * Level 11.0 Long Blades
 + Level 7.2 Armour
 + Level 3.8 Dodging
 + Level 9.5 Shields
 * Level 9.7 Evocations


You had 7 spell levels left.
You didn't know any spells.

Dungeon Overview and Level Annotations

Branches:
Dungeon (1/1)

Altars:
Ashenzari
Cheibriados
Dithmenos
Elyvilon
Fedhas
Gozag
Hepliaklqana
Kikubaaqudgha
Makhleb
Nemelex Xobeh
Okawaru
Qazlal
Ru
Sif Muna
Trog
Uskayaw
Vehumet
Xom
Yredelemnul
Zin
The Shining One
Beogh
Jiyva
Lugonu


Innate Abilities, Weirdness & Mutations

You are resistant to damage.
You can recharge devices by infusing magical energy.
You passively map a small area around you.
You do not regenerate.


Message History

The bog body hits you. The bog body misses you.
You barely miss the bog body.
The bog body is heavily damaged.
The bog body hits you but does no damage.
The bog body touches you. The bog body freezes you!
* * * LOW HITPOINT WARNING * * *
Unknown command.
Unknown command.
You feel very mighty all of a sudden.
The bog body hits you but does no damage.
The bog body barely misses you.
Unknown command.
Evoke which item? (* to show all) (? for menu, Esc to quit)
Zapping:
e - a wand of heal wounds (1/9)
Press: ? - help, Shift-Dir - straight line, f - you You feel much better.
This wand has 0 charges left.
The bog body hits you!! You block the bog body's attack.
You block the gnoll's attack.
The bog body points at you and mumbles some strange words.
The bolt of cold hits you!
You die...

#.#........##.......#
#.#........##.......# ,
#'###########.......#*,,
#..#.#.##..########## ,
#.......#)######* * *,
##.#.#.##.#....# , ,
#.......#)#....#,, *
##.#.#.##)ng...+ , , ,
#.......#@#....#
##.#.#..).#....#,,,
############### *


You could see a bog body and a gnoll.

Vanquished Creatures
  An orc sorcerer (D)
  A hellwing (D)
  Sigmund (D)
  A sky beast (D)
  A necrophage (D)
  An ogre (D)
  A centaur (D)
  A gnoll sergeant (D)
  An orc wizard (D)
  An orc priest (D)
  2 worker ants (D)
  2 gnolls (D)
  An ooze (D)
  3 orcs (D)
  2 ball pythons (D)
  A bat zombie (D)
  A giant cockroach (D)
  2 goblins (D)
  4 jackals (D)
28 creatures vanquished.

Notes
Turn   | Place    | Note
-------+----------+-------------------------------------------
     0 | D        | Theye the Deep Dwarf Fighter began the quest for the Orb.
     0 | D        | Reached XP level 1. HP: 20/20 MP: 1/1
    13 | D        | Reached skill level 1 in Evocations
    19 | D        | Found a radiant altar of Vehumet.
    19 | D        | Found a hide-covered altar of Uskayaw.
    19 | D        | Found an ancient bone altar of Kikubaaqudgha.
    19 | D        | Found a viscous altar of Jiyva.
    19 | D        | Found a hazy altar of Hepliaklqana.
    20 | D        | Found a bloodstained altar of Trog.
    20 | D        | Found a deep blue altar of Sif Muna.
    20 | D        | Found a sacrificial altar of Ru.
    20 | D        | Found a stormy altar of Qazlal.
    20 | D        | Found an iron altar of Okawaru.
    20 | D        | Found a sparkling altar of Nemelex Xobeh.
    20 | D        | Found an opulent altar of Gozag.
    20 | D        | Found a blossoming altar of Fedhas.
    20 | D        | Found a white marble altar of Elyvilon.
    20 | D        | Found a shadowy altar of Dithmenos.
    20 | D        | Found a snail-covered altar of Cheibriados.
    21 | D        | Found a glowing golden altar of the Shining One.
    21 | D        | Found a glowing silver altar of Zin.
    22 | D        | Found a burning altar of Makhleb.
    22 | D        | Found a basalt altar of Yredelemnul.
    22 | D        | Found a roughly hewn altar of Beogh.
    23 | D        | Found a corrupted altar of Lugonu.
    23 | D        | Found a shimmering altar of Xom.
    23 | D        | Found a shattered altar of Ashenzari.
    30 | D        | Became a worshipper of Makhleb the Destroyer
    83 | D        | Reached * piety under Makhleb
    83 | D        | Reached XP level 2. HP: 25/28 MP: 1/3
    92 | D        | Reached ** piety under Makhleb
   126 | D        | Reached *** piety under Makhleb
   126 | D        | Reached skill level 3 in Long Blades
   126 | D        | Reached XP level 3. HP: 34/36 MP: 3/5
   201 | D        | Noticed a centaur
   202 | D        | Noticed Sigmund
   214 | D        | Reached skill level 4 in Long Blades
   214 | D        | Reached skill level 5 in Shields
   218 | D        | Killed Sigmund
   218 | D        | Reached skill level 5 in Long Blades
   218 | D        | Reached skill level 5 in Armour
   218 | D        | Reached skill level 1 in Dodging
   218 | D        | Reached skill level 5 in Evocations
   218 | D        | Reached XP level 4. HP: 45/45 MP: 5/7
   220 | D        | Killed a centaur
   220 | D        | Reached **** piety under Makhleb
   220 | D        | Reached skill level 5 in Fighting
   220 | D        | Reached skill level 6 in Long Blades
   220 | D        | Reached XP level 5. HP: 52/52 MP: 5/9
   225 | D        | Noticed a sky beast
   225 | D        | Noticed a necrophage
   226 | D        | Noticed an ogre
   246 | D        | Killed a necrophage
   246 | D        | Reached skill level 7 in Long Blades
   246 | D        | Reached XP level 6. HP: 46/61 MP: 9/11
   254 | D        | Killed a sky beast
   254 | D        | Reached skill level 8 in Long Blades
   284 | D        | Noticed an orc sorcerer
   284 | D        | Paralysed by an orc sorcerer for 2 turns
   289 | D        | Killed an orc sorcerer
   289 | D        | Reached ***** piety under Makhleb
   289 | D        | Reached skill level 10 in Long Blades
   289 | D        | Reached XP level 7. HP: 70/70 MP: 11/13
   354 | D        | Noticed a bog body
   354 | D        | Noticed a hellwing
   369 | D        | Killed a hellwing
   369 | D        | Reached skill level 11 in Long Blades
   369 | D        | Reached XP level 8. HP: 78/78 MP: 13/15
   396 | D        | Killed from afar by a bog body

Vault maps used:
D:        pitsprint

Skill      XL: |  1  2  3  4  5  6  7 |
---------------+----------------------+-----
Evocations     | 1 3 5 6 9 |  9.7
Fighting       | 3 4 5 6 |  6.8
Shields        | 4 5 6 7 9 |  9.5
Armour         | 4 5 7 |  7.2
Long Blades    | 3 5 6 7 10 11 | 11.0
Dodging        | 1 2 3 |  3.8

Action                   |  1- 3 |  4- 6 |  7- 9 || total
-------------------------+-------+-------+-------++-------
Melee: Long sword        |    51 |    28 |    37 ||   116
Evoke: Wand              |       |     1 |     4 ||     5
  Use: Potion            |     1 |     1 |     3 ||     5
 Stab: Invisible         |       |       |     1 ||     1
  Eat: Meat ration       |       |     1 |       ||     1
Armor: Scale mail        |    18 |       |       ||    18
       Chain mail        |     7 |    14 |    28 ||    49
Dodge: Dodged            |    23 |     4 |    16 ||    43
Block: Shield            |    54 |    16 |    35 ||   105
       Rpst.: Long sword |     7 |       |     2 ||     9
